[Event "Early-Titled-Tuesday-Blitz-January-23-2024"]
[Site "Chess.com"]
[Date "2024.01.23"]
[Round "7"]
[White "bazar-wokzal"]
[Black "enriquetejedor"]
[Result "0-1"]
[WhiteElo "2559"]
[BlackElo "2732"]
[TimeControl "180+1"]
[EndTime "9:17:20 PST"]
[Termination "enriquetejedor won by resignation"]

1. e4 e5 2. Bc4 c6 3. Qh5 Qe7 4. Nf3 d6 5. Nc3 Nf6 6. Qh4 b5 7. Bb3 b4 8. Ne2 g6 9. d3 Nfd7 10. Qg3 Bg7 11. h4 h5 12. Bg5 f6 13.
Be3 Nf8 14. O-O Bg4 15. d4 Nbd7 16. Rfd1 Bh6 17. Rd3 Be6 18. Rad1 Bxe3 19. Rxe3 a5 20.
Red3 Bxb3 21. axb3 Kf7 22. dxe5 dxe5 23. Rd6 Rc8 24. Qh3 Rc7 25. Ng3 Nc5 26. Rd8 Rg8 27.
Ra8 Nfe6 28. Rxa5 Nf4 29. Qh2 Nce6 30. Nf1 Rd8 31. Raa1 Rcd7 32. Rxd7 Qxd7 33. Ne3 Nc5 34. g3 Nfe6 35. Rd1 Qxd1+ 36. Nxd1 Rxd1+ 37. Kg2 Nxe4 38. Qh3 Rc1 39. g4 Nf4+ 40. Kh2 Nxh3 41. Kxh3 Rxc2 0-1

[Event "Early-Titled-Tuesday-Blitz-January-23-2024"]
[Site "Chess.com"]
[Date "2024.01.23"]
[Round "7"]
[White "SujanaLohani"]
[Black "Francisco_Ferrari"]
[Result "1-0"]
[WhiteElo "1992"]
[BlackElo "2181"]
[TimeControl "180+1"]
[EndTime "9:17:21 PST"]
[Termination "SujanaLohani won by resignation"]

1. d4 d5 2. Nf3 Nf6 3. c4 e6 4. g3 Be7 5. Bg2 O-O 6. O-O b6 7.
cxd5 exd5 8. Nc3 Bb7 9. Bf4 c5 10. Nb5 Nc6 11. dxc5 bxc5 12. Rc1 a6 13. Nc3 d4 14.
Na4 Qa5 15. b3 Rac8 16. Ne5 Nd8 17. Nc4 Qb5 18. Bh3 Ra8 19. Nab6 Qc6 20. f3 Ne6 21. Bxe6 fxe6 22. Nxa8 Bxa8 23. Qd3 Nd5 24. Bd2 Bd6 25. Na5 Qb6 26. Nc4 Qc7 27. Nxd6 Qxd6 28. Qc4 Bc6 29. Qxc5 Qe5 30. Qxc6 Qxe2 31. Rf2 Qd3 1-0

[Event "Early-Titled-Tuesday-Blitz-January-23-2024"]
[Site "Chess.com"]
[Date "2024.01.23"]
[Round "7"]
[White "biostatistician"]
[Black "alexrustemov"]
[Result "0-1"]
[WhiteElo "2611"]
[BlackElo "2890"]
[TimeControl "180+1"]
[EndTime "9:17:23 PST"]
[Termination "alexrustemov won on time"]

1. d4 d5 2. Nf3 Nf6 3. c4 dxc4 4. e3 e6 5. Bxc4 c5 6. O-O a6 7. b3 b6 8. Bb2 Bb7 9. Nc3 cxd4 10. exd4 b5 11.
Bd3 Be7 12. Qe2 O-O 13. Rad1 Nc6 14. Bb1 Nb4 15. Ne5 Nbd5 16. f4 Rc8 17. Nxd5 Bxd5 18. f5 Qd6 19. Rf4 exf5 20. Rxf5 g6 21. Rf4 Nd7 22.
Rdf1 Rce8 23. Qf2 Qe6 24. Bd3 Bd6 25. Qh4 Nxe5 26. dxe5 Bxe5 27. Bxe5 Qxe5 28. Qf2 Be6 29. Rf6 Rd8 30. Bb1 Qd4 31. Qxd4 Rxd4 32. R6f4 Rfd8 33. Rxd4 Rxd4 34. h3 Kg7 35. Bc2 b4 36. Rd1 Rxd1+ 37.
Bxd1 Kf6 38. Kf2 Ke5 39. Ke3 a5 40. h4 h6 41. g3 Bf5 0-1

[Event "Early-Titled-Tuesday-Blitz-January-23-2024"]
[Site "Chess.com"]
[Date "2024.01.23"]
[Round "7"]
[White "Seochesspie"]
[Black "CarlosjPineror"]
[Result "1-0"]
[WhiteElo "2794"]
[BlackElo "2604"]
[TimeControl "180+1"]
[EndTime "9:17:23 PST"]
[Termination "Seochesspie won by resignation"]

1. d4 Nf6 2. Nc3 d5 3. Bf4 c6 4. e3 g6 5. h3 Bg7 6. Nf3 O-O 7. Bd3 Nh5 8. Bh2 f5 9. Ne2 Nd7 10. c4 e6 11. O-O dxc4 12. Bxc4 Nb6 13. Bd3 Nd5 14.
Ne5 Nhf6 15. Rb1 Nd7 16. Nc4 N7b6 17. Nd6 Nd7 18. b4 a6 19. a4 N7f6 20. Qb3 Ne8 21.
Nc4 Bd7 22. Nc3 f4 23. Nxd5 exd5 24. Na5 fxe3 25. fxe3 b6 26. Nb7 Qe7 27. Rxf8+ Bxf8 28. b5 a5 29. e4 Ra7 30. exd5 cxd5 31. Nd8 Qxd8 32. Qxd5+ Kh8 33. Rf1 Bg7 34. Rf7 Nf6 35. Qd6 Qe8 36. Re7 Qc8 37. Be5 Ne8 38. Bxg7+ Nxg7 39. Qf6 Qg8 40. Bc4 Be6 41. Bxe6 Rxe7 42. Bxg8 Re1+ 43. Kf2 1-0

[Event "Early-Titled-Tuesday-Blitz-January-23-2024"]
[Site "Chess.com"]
[Date "2024.01.23"]
[Round "7"]
[White "jaskol95"]
[Black "Slovineanu"]
[Result "1-0"]
[WhiteElo "2558"]
[BlackElo "2414"]
[TimeControl "180+1"]
[EndTime "9:17:24 PST"]
[Termination "jaskol95 won by resignation"]

1. e4 e5 2. Nf3 Nc6 3. Bc4 Nf6 4. Ng5 Bc5 5. Nxf7 Bxf2+ 6. Kf1 Qe7 7. Nxh8 d5 8. exd5 Nd4 9. d6 Qxd6 10. Nf7 Qc5 11. d3 Bh4 12. b4 Qxb4 13. Nxe5 Qc5 14. c3 Qxe5 15. cxd4 Qxd4 16. Qe2+ Kf8 17. Bb2 Qf4+ 18.
Qf3 Qxf3+ 19. gxf3 Bh3+ 20. Ke2 Re8+ 21. Kd1 Bg2 22. Rg1 Bxf3+ 23. Kc2 Re2+ 24. Kb3 Bf2 25.
Rf1 Bg2 26. Nc3 Bxf1 27. Rxf1 Rd2 28. Bc1 1-0

[Event "Early-Titled-Tuesday-Blitz-January-23-2024"]
[Site "Chess.com"]
[Date "2024.01.23"]
[Round "7"]
[White "cthake"]
[Black "Rgoltsman"]
[Result "0-1"]
[WhiteElo "1845"]
[BlackElo "2267"]
[TimeControl "180+1"]
[EndTime "9:17:24 PST"]
[Termination "Rgoltsman won on time"]

1. e4 g6 2. d4 Bg7 3. Nc3 c5 4. Nf3 cxd4 5. Nxd4 Nc6 6. Be3 Nf6 7. Nxc6 bxc6 8. e5 Ng8 9. f4 h5 10. Bc4 Nh6 11.
O-O O-O 12. Ne4 a5 13. Bc5 Nf5 14. Qf3 d5 15. exd6 exd6 16. Ba3 d5 17. Rad1 Qb6+ 18. Bc5 dxe4 19. Qa3 Qc7 20. Bxf8 Bxf8 21. Qb3 Rb8 22. Qc3 Qb6+ 23. Kh1 Ne3 24. f5 Nxd1 25. Qf6 Qa7 26.
Qxg6+ Bg7 27. Rxd1 Ba6 28. Bxf7+ Qxf7 0-1

[Event "Early-Titled-Tuesday-Blitz-January-23-2024"]
[Site "Chess.com"]
[Date "2024.01.23"]
[Round "7"]
[White "Chesstiger64"]
[Black "NtcPou"]
[Result "0-1"]
[WhiteElo "2193"]
[BlackElo "2010"]
[TimeControl "180+1"]
[EndTime "9:17:25 PST"]
[Termination "NtcPou won by checkmate"]

1. d4 d5 2. Nf3 c6 3. e3 Nf6 4. c4 a6 5. Nc3 Bf5 6. Bd3 Bxd3 7. Qxd3 e6 8. O-O Nbd7 9. e4 dxe4 10. Nxe4 Nxe4 11. Qxe4 Nf6 12. Qe2 Be7 13. Rd1 O-O 14. b3 b5 15. Bg5 Qc7 16. Rac1 Rfe8 17. cxb5 axb5 18. Ne5 Ra6 19. Qxb5 cxb5 20. Rxc7 Rxa2 21. Nc6 Bf8 22. Ne5 Nd5 23. Rb7 f6 24. Nf3 fxg5 25. Rxb5 g4 26. Ne5 h5 27. h3 gxh3 28. gxh3 Bd6 29. Rc1 Rf8 30. Nd3 Nf4 31. Nxf4 Rxf4 32. Rf1 Rxd4 33. Rxh5 Rf4 34. Rb5 Rb2 35. Rb6 Bc5 36.
Rxe6 Bxf2+ 37. Kh1 Rf6 38. Rxf6 gxf6 39. Kg2 Bd4+ 40. Kh1 Rxb3 41. Kg2 Kf7 42. Rc1 Kg6 43. Rc8 Kg5 44. Rd8 Be5 45. Rg8+ Kf4 46. Rg4+ Kf5 47. Rg8 Rb2+ 48. Kg1 Rb3 49. Kg2 Rb2+ 50. Kg1 Kf4 51. h4 Kf3 52. Kh1 Bg3 53. h5 Rb1# 0-1

[Event "Early-Titled-Tuesday-Blitz-January-23-2024"]
[Site "Chess.com"]
[Date "2024.01.23"]
[Round "7"]
[White "Better_Chess_Faster"]
[Black "Tsyhanchuk_Stanislav"]
[Result "1-0"]
[WhiteElo "2125"]
[BlackElo "2265"]
[TimeControl "180+1"]
[EndTime "9:17:26 PST"]
[Termination "Better_Chess_Faster won on time"]

1. d4 Nf6 2. Bg5 Ne4 3. Bf4 c5 4. f3 Nf6 5. d5 d6 6. e4 g6 7. Nc3 Bg7 8. Nge2 Nbd7 9. Qd2 h5 10. h4 a6 11. a4 b6 12. Ng3 Rb8 13. Be2 O-O 14. Nf1 Ne5 15. Ne3 b5 16. axb5 axb5 17.
Bxb5 Bd7 18. Bxd7 Nfxd7 19. b3 Rb4 20. O-O Qc7 21. Ra4 Rfb8 22. Rxb4 Rxb4 23. Ne2 Qb6 24. Kh2 Rb5 25. Nd1 Qb7 26. Nf2 Kh7 27. Nd3 Nxd3 28. Qxd3 Be5 29. Bxe5 Nxe5 30. Qe3 c4 31. Nd4 Rb4 32.
Qc3 cxb3 33. cxb3 Rb6 34. Rc1 Rb4 35. Nc6 1-0

[Event "Early-Titled-Tuesday-Blitz-January-23-2024"]
[Site "Chess.com"]
[Date "2024.01.23"]
[Round "7"]
[White "Chxss_Khxsbu"]
[Black "Sofia_Blokhin"]
[Result "1-0"]
[WhiteElo "1796"]
[BlackElo "2260"]
[TimeControl "180+1"]
[EndTime "9:17:26 PST"]
[Termination "Chxss_Khxsbu won on time"]

1. e4 c5 2. Nf3 e6 3. d4 cxd4 4.
Nxd4 a6 5. Nc3 Qc7 6. Bd3 Nf6 7. O-O b5 8. Kh1 Bb7 9. f3 d6 10. Be3 Be7 11. Qe1 O-O 12. Qg3 Kh8 13. Rad1 Nbd7 14. Nb3 Ne5 15. f4 Nxd3 16. cxd3 d5 17. e5 Nh5 18. Qg4 g6 19. Nd4 Ng7 20. Rc1 Qd7 21. a3 Rac8 22. Nce2 Bc5 23. b4 Be7 24. Nb3 Nf5 25.
Bc5 Bxc5 26. Nxc5 Qe7 27. Qf3 Rxc5 28. bxc5 Bc6 29. d4 Rb8 30. Qc3 Qc7 31. Ng3 a5 32. Nxf5 exf5 33. Rb1 Re8 34. Rf2 Kg8 35. Rfb2 Qa7 36.
Rxb5 Bxb5 37. Rxb5 Rb8 38. a4 Rxb5 39. axb5 1-0

[Event "Early-Titled-Tuesday-Blitz-January-23-2024"]
[Site "Chess.com"]
[Date "2024.01.23"]
[Round "7"]
[White "artooon"]
[Black "Sibelephant"]
[Result "1-0"]
[WhiteElo "2991"]
[BlackElo "3075"]
[TimeControl "180+1"]
[EndTime "9:17:27 PST"]
[Termination "artooon won on time"]

1. e4 e6 2. d4 d5 3. Nc3 Nf6 4. e5 Nfd7 5. f4 c5 6. Nf3 Nc6 7. Be3 a6 8. Ne2 Qb6 9. Rb1 Be7 10. c3 O-O 11. g3 a5 12. Bh3 a4 13. O-O g6 14. Kh1 Qa6 15. b3 axb3 16. axb3 cxd4 17. cxd4 Nb4 18. Rc1 Qd3 19. Bd2 Ra2 20. Rc3 Qa6 21.
g4 Nc6 22. f5 Bb4 23. Re3 Bxd2 24. Nxd2 exf5 25. gxf5 Nb6 26. Nc3 Rb2 27. Qc1 Qa3 28.
f6 Bxh3 29. Rxh3 h5 30. Rxh5 gxh5 31. Rg1+ Kh7 32. Qf1 Rg8 33. Qf5+ 1-0

[Event "Early-Titled-Tuesday-Blitz-January-23-2024"]
[Site "Chess.com"]
[Date "2024.01.23"]
[Round "7"]
[White "salomez"]
[Black "ProChessWICTH"]
[Result "0-1"]
[WhiteElo "2314"]
[BlackElo "2530"]
[TimeControl "180+1"]
[EndTime "9:17:27 PST"]
[Termination "ProChessWICTH won on time"]

1. e4 c6 2. d4 d5 3. exd5 cxd5 4.
Bd3 Nc6 5. c3 Nf6 6. Bf4 g6 7.
Nf3 Bf5 8. O-O Bxd3 9. Qxd3 Bg7 10. Re1 O-O 11. Ne5 Qb6 12. Nxc6 bxc6 13. b3 Rfe8 14.
Nd2 Nh5 15. Be5 f6 16. Bg3 e5 17. dxe5 fxe5 18. Rad1 e4 19. Qc2 Rf8 20. Nf1 Rae8 21. c4 Qc5 22. Qe2 d4 23. Bc7 d3 24. Qd2 Bd4 25.
Ne3 Re7 26. Bg3 Ref7 27. b4 Qg5 28. Rf1 Nxg3 29. hxg3 Rxf2 30. Rxf2 Bxe3 0-1

[Event "Early-Titled-Tuesday-Blitz-January-23-2024"]
[Site "Chess.com"]
[Date "2024.01.23"]
[Round "7"]
[White "RodokininEV"]
[Black "crazy_m_attack"]
[Result "1-0"]
[WhiteElo "2616"]
[BlackElo "2463"]
[TimeControl "180+1"]
[EndTime "9:17:28 PST"]
[Termination "RodokininEV won on time"]

1. e4 e5 2. Nf3 Nc6 3. Bb5 a6 4. Ba4 Nf6 5. O-O Be7 6. Re1 b5 7.
Bb3 O-O 8. a4 b4 9. d4 d6 10. h3 Nxd4 11. Nxd4 exd4 12. Qxd4 c5 13. Qd3 Bb7 14. Nd2 Re8 15. Nc4 a5 16. Bg5 Nxe4 17.
Bxe7 Rxe7 18. f3 d5 19. Rad1 Nf6 20. Rxe7 Qxe7 21. Nb6 c4 22. Qd4 cxb3 23. Nxa8 bxc2 24. Rc1 Bxa8 25. Rxc2 Qe8 26. Rc5 Bc6 27. b3 h5 28.
h4 Qe1+ 29. Kh2 Bd7 30. Rxa5 Qc3 31. Ra8+ Kh7 32. Qf4 Qxb3 33. a5 Qd3 34. a6 Bc6 35. Rc8 Qxa6 36. Qf5+ g6 37. Qh3 Bd7 38. Rd8 Bg4 39.
fxg4 hxg4 40. Qg3 Qb6 41. Qe5 Qd4 42. Qxd4 1-0

[Event "Early-Titled-Tuesday-Blitz-January-23-2024"]
[Site "Chess.com"]
[Date "2024.01.23"]
[Round "7"]
[White "tolimachess"]
[Black "MaxLeto"]
[Result "1-0"]
[WhiteElo "2469"]
[BlackElo "2294"]
[TimeControl "180+1"]
[EndTime "9:17:28 PST"]
[Termination "tolimachess won on time"]

1. e4 c5 2. Nf3 d6 3. d4 cxd4 4.
Qxd4 a6 5. Qd3 Nc6 6. Nc3 g6 7.
Nd5 Bg7 8. c3 e6 9. Ne3 Nge7 10.
Be2 f5 11. O-O O-O 12. Rd1 fxe4 13. Qxe4 d5 14. Qa4 Kh8 15. h4 e5 16. h5 d4 17.
h6 Bxh6 18. cxd4 exd4 19. Nxd4 Qe8 20. Nxc6 Nxc6 21. Qh4 Bg7 22. Bd3 Ne5 23. Be4 Qf7 24. Nd5 Be6 25. Nf4 Bf5 26. Bd5 Qf6 27. Qxf6 Bxf6 28.
Be3 Rab8 29. Ne6 Rfe8 30. Nd4 Bd7 31. Rac1 Ng4 32. Bf4 Bxd4 33. Rxd4 Rbc8 34. Rcd1 Bf5 35. Bxb7 Rc5 36. Bf3 Nf6 37. Rd8 Rxd8 38. Rxd8+ Kg7 39.
Rd2 Rb5 40. b3 Ne4 41. Re2 Nf6 42.
Be5 Kf7 43. Bc6 Rc5 44. Bb7 a5 45. Bd4 Rc1+ 46. Kh2 1-0

[Event "Early-Titled-Tuesday-Blitz-January-23-2024"]
[Site "Chess.com"]
[Date "2024.01.23"]
[Round "7"]
[White "Aygehovit1992"]
[Black "ErikRonka"]
[Result "1-0"]
[WhiteElo "2700"]
[BlackElo "2489"]
[TimeControl "180+1"]
[EndTime "9:17:29 PST"]
[Termination "Aygehovit1992 won by resignation"]

1. e4 c5 2. Nf3 e6 3. g3 d5 4. exd5 exd5 5. Bg2 Qe7+ 6. Kf1 Nc6 7. Nc3 Nf6 8. d3 Bg4 9. Bg5 O-O-O 10. h3 Bh5 11. Qd2 h6 12. Re1 Qd7 13. Bxf6 gxf6 14. Nh4 Ne7 15.
Qf4 Qd6 16. Qxd6 Rxd6 17. f4 Bg6 18. Rxe7 Bxe7 19. f5 Bh7 20. Nxd5 Bd8 21. g4 Re8 22. Kf2 Re5 23. c4 Re8 24. Be4 b6 25. Re1 Kd7 26. a3 Bc7 27. b4 Rxd5 28. cxd5 Be5 29. Nf3 Kd6 30. bxc5+ bxc5 31. Rb1 Re7 32. Rb5 Bf4 33. Ra5 c4 34. Ra6+ Kc5 35. Rc6+ Kb5 36. Nd4+ Ka5 37. Rxc4 Be5 38. Nc6+ Kb5 39. Nxe7 1-0

[Event "Early-Titled-Tuesday-Blitz-January-23-2024"]
[Site "Chess.com"]
[Date "2024.01.23"]
[Round "7"]
[White "monomita"]
[Black "AljoschaFeuerstack"]
[Result "1-0"]
[WhiteElo "2835"]
[BlackElo "2624"]
[TimeControl "180+1"]
[EndTime "9:17:33 PST"]
[Termination "monomita won by resignation"]

1. d4 d5 2. c4 c6 3. cxd5 cxd5 4. Nc3 Nf6 5. Bf4 Nc6 6. e3 Bf5 7. Nf3 e6 8. Ne5 Nxe5 9. dxe5 Nd7 10. e4 Bxe4 11.
Nxe4 dxe4 12. Qa4 a6 13. Rd1 Qc7 14. Bb5 Rd8 15. Bxd7+ Rxd7 16. Rc1 Qd8 17. O-O Be7 18. Be3 O-O 19. Bb6 Qe8 20. Qxe4 Rd5 21. a4 Bd8 22. Be3 Qd7 23. h4 Be7 24. h5 h6 25.
Rc3 Rc8 26. Rb3 Kf8 27. Qh7 Ke8 28. Qxg7 Bf8 29. Qh8 Qc7 30. Bxh6 Ke7 31. Rc3 Rc5 32. Rfc1 Bxh6 33. Qf6+ 1-0

[Event "Early-Titled-Tuesday-Blitz-January-23-2024"]
[Site "Chess.com"]
[Date "2024.01.23"]
[Round "7"]
[White "GMAkobianSTL"]
[Black "JuniorJumper"]
[Result "1-0"]
[WhiteElo "2758"]
[BlackElo "2576"]
[TimeControl "180+1"]
[EndTime "9:17:33 PST"]
[Termination "GMAkobianSTL won on time"]

1. d4 d5 2. c4 e6 3. Nc3 c6 4.
e3 Nf6 5. Nf3 Nbd7 6. Qc2 Bd6 7.
Be2 O-O 8. O-O dxc4 9. a4 e5 10. Bxc4 exd4 11. exd4 h6 12. a5 a6 13. Re1 Re8 14.
Bxh6 Rxe1+ 15. Rxe1 Qf8 16. Ng5 Bxh2+ 17. Kxh2 gxh6 18.
Nxf7 Kg7 19. Kg1 Qb4 20. Ne5 Nf8 21. Qd3 Bg4 22. Qg3 h5 23. Qf4 N8h7 24. f3 Qxb2 25. Re3 Qc1+ 26. Kh2 Rd8 27. fxg4 hxg4 28. Nxg4 Rxd4 29.
Re7+ Kf8 30. Qxc1 Nxg4+ 31. Kg1 Kxe7 32. Ne2 Re4 33. Bd3 1-0

[Event "Early-Titled-Tuesday-Blitz-January-23-2024"]
[Site "Chess.com"]
[Date "2024.01.23"]
[Round "7"]
[White "maciek_92"]
[Black "karinachess1"]
[Result "1-0"]
[WhiteElo "2824"]
[BlackElo "2607"]
[TimeControl "180+1"]
[EndTime "9:17:34 PST"]
[Termination "maciek_92 won by resignation"]

1. c4 e6 2. Nf3 Nf6 3. b3 d5 4.
Bb2 Be7 5. g3 b6 6. Bg2 Bb7 7. O-O Nbd7 8. e3 O-O 9. Qe2 Nc5 10. d4 Nce4 11. Ne5 c5 12. cxd5 exd5 13. Rd1 Rc8 14. dxc5 bxc5 15. Nc3 Nxc3 16. Bxc3 Qb6 17.
Qb2 Rfd8 18. Nf3 h6 19. Nh4 d4 20. exd4 Bxg2 21. Nxg2 Ne4 22. Rac1 cxd4 23. Be1 Rxc1 24. Qxc1 d3 25. Qf4 Qe6 26. Ba5 Rd7 27. Qb8+ Kh7 28. Nf4 Qg4 29. Rxd3 Rxd3 30. Nxd3 Qd1+ 31. Ne1 Bc5 32.
Qe5 Bxf2+ 33. Kf1 Bxe1 34. Qxe4+ f5 35. Qxf5+ Kg8 36. Qe6+ Kh7 37. Qe4+ Kg8 38. Bxe1 1-0

[Event "Early-Titled-Tuesday-Blitz-January-23-2024"]
[Site "Chess.com"]
[Date "2024.01.23"]
[Round "7"]
[White "LiadCuba"]
[Black "R2D2PTY"]
[Result "1-0"]
[WhiteElo "2448"]
[BlackElo "2257"]
[TimeControl "180+1"]
[EndTime "9:17:34 PST"]
[Termination "LiadCuba won by resignation"]

1. d4 Nf6 2. c4 e6 3. Nc3 Bb4 4. f3 d5 5. a3 Bd6 6. e4 c5 7. cxd5 exd5 8. Bb5+ Bd7 9. e5 cxd4 10. Qxd4 Qe7 11.
f4 Bc5 12. Qd3 O-O 13. Nf3 Ng4 14. Nxd5 Qd8 15. Ng5 f5 16. exf6 Nxf6 17. Nxf6+ Rxf6 18. Qxh7+ Kf8 19. Qh8+ Ke7 20. Qxg7+ Kd6 21. Bxd7 Nxd7 22. Ne4+ Ke6 23. Qg4+ Kf7 24. Qh5+ Kg7 25. Bd2 Qe7 26.
Qg5+ Kf7 27. Qd5+ Kg7 28. O-O-O Re6 29. Bc3+ Kh7 30. Ng5+ Kh6 31. Qxe6+ Qxe6 32. Nxe6 Be3+ 33. Kb1 Nc5 34. Nxc5 Bxc5 35. Rd5 Kg6 36. Rxc5 1-0

[Event "Early-Titled-Tuesday-Blitz-January-23-2024"]
[Site "Chess.com"]
[Date "2024.01.23"]
[Round "7"]
[White "NM_Antelacus"]
[Black "Mistango"]
[Result "0-1"]
[WhiteElo "2205"]
[BlackElo "2523"]
[TimeControl "180+1"]
[EndTime "9:17:35 PST"]
[Termination "Mistango won on time"]

1. e4 c5 2. Nf3 d6 3. c3 Nf6 4.
Be2 e6 5. O-O Be7 6. Re1 O-O 7. Bf1 Nc6 8. d4 cxd4 9. cxd4 d5 10. e5 Ne4 11. Nc3 Nxc3 12. bxc3 f6 13. Bd3 Bd7 14. Qe2 f5 15. c4 dxc4 16. Bxc4 Na5 17. Bd3 Bc6 18. Bb2 Bd5 19. Rec1 a6 20. Nd2 b5 21. f4 Rc8 22. Rxc8 Qxc8 23. Rc1 Qb7 24.
a3 Rc8 25. Rxc8+ Qxc8 26. Nf3 Nc4 27. Bxc4 bxc4 28. Qe3 Qb7 29. Qc3 Bd8 30. Kf2 a5 31. Bc1 a4 32. Qb2 Qb3 33. Nd2 c3 34. Nxb3 cxb2 35.
Bxb2 Bxb3 36. Ke3 Bd5 37. g3 Kf7 38. Kd3 Ke7 39. Bc3 Kd7 40. Bb4 Be7 41. Kc3 Bxb4+ 42.
Kxb4 Bb3 43. Kc5 Kc7 44. Kb5 Bd1 45. Kc5 Bf3 46. Kb5 Bc6+ 47. Kc5 g6 48. h3 h6 49. h4 h5 50. Kc4 Kb6 51. Kb4 Bb5 52. Kc3 Bd7 53. Kb4 Bc6 54. Kc3 Bd5 55. Kb4 Bb3 56.
Kc3 Kb5 57. Kd3 Kc6 58. Kc3 Kd5 59. Kd3 Ba2 60. Kc3 Bc4 61. Kb4 Bb3 62. Kc3 Ke4 0-1

[Event "Early-Titled-Tuesday-Blitz-January-23-2024"]
[Site "Chess.com"]
[Date "2024.01.23"]
[Round "7"]
[White "Bkmzzzzz"]
[Black "JiiHart"]
[Result "1-0"]
[WhiteElo "2398"]
[BlackElo "2152"]
[TimeControl "180+1"]
[EndTime "9:17:35 PST"]
[Termination "Bkmzzzzz won on time"]

1. e4 c5 2. Nf3 Nc6 3. Bb5 e6 4. Nc3 Nge7 5. O-O a6 6. Bxc6 Nxc6 7. d4 cxd4 8. Nxd4 Be7 9. Nxc6 dxc6 10. Qg4 Bf6 11.
Rd1 Qa5 12. Bd2 e5 13. Qg3 Qc7 14. Be3 b6 15. Na4 Rb8 16. Rd2 O-O 17. Rad1 Be6 18. b3 Rfd8 19. f3 Rxd2 20. Rxd2 c5 21. c4 Rd8 22.
Qe1 Rxd2 23. Qxd2 h6 24. Kf2 Be7 25. Nc3 Qd7 26. Nd5 Bxd5 27. Qxd5 Qxd5 28. cxd5 Bd6 29.
Ke2 g5 30. h3 Kf8 31. Kd3 f6 32. Kc4 Ke8 33. a3 Kd7 34. b4 cxb4 35. axb4 Kc7 36. Bc1 Kb7 37. Bb2 Kc7 38. Bc3 Kb7 39. Kd3 Kc7 40.
Ke2 Kb7 41. Kf2 Kc7 42. Kg3 Kd7 43. Kg4 Ke7 44. Kh5 Kf7 45. Kxh6 a5 46. bxa5 b5 47. a6 Bb8 48. Bb4 Ba7 49. d6 Bb6 50. Kh7 Ke6 51. Kg6 Ba7 52. d7 Kxd7 53. Kxf6 Bd4 54. Kxg5 Kc6 55.
Kf5 Kb6 56. h4 Kxa6 57. h5 Kb6 58. h6 Bc5 59. Bxc5+ Kxc5 60. h7 b4 61. h8=Q b3 62. Qxe5+ Kc4 63. Qb2 1-0

[Event "Early-Titled-Tuesday-Blitz-January-23-2024"]
[Site "Chess.com"]
[Date "2024.01.23"]
[Round "7"]
[White "GMJustin"]
[Black "MalyDominator"]
[Result "0-1"]
[WhiteElo "2334"]
[BlackElo "2528"]
[TimeControl "180+1"]
[EndTime "9:17:36 PST"]
[Termination "MalyDominator won on time"]

1. d4 Nf6 2. c4 e6 3. g3 Bb4+ 4. Nd2 d5 5. a3 Bxd2+ 6. Bxd2 O-O 7. Qc2 b6 8. Bg2 Bb7 9. Nf3 Nbd7 10. O-O c5 11. Rfd1 Rc8 12. Qa4 Bc6 13. Qb3 dxc4 14. Qxc4 Bd5 15. Qa4 Qe7 16. Qxa7 Ne4 17. dxc5 Ra8 18.
Qc7 Rfc8 19. Qf4 Ndxc5 20. Bb4 Qe8 21. Ne5 f6 22. Nd3 Qg6 23. Nxc5 bxc5 24. Be1 Rab8 25. b4 cxb4 26. axb4 Rb7 27. Rac1 Rcb8 28. Rc7 Rb5 29. Rdc1 h5 30. Rc8+ Rxc8 31. Rxc8+ Kh7 32. Qe3 Ng5 0-1

[Event "Early-Titled-Tuesday-Blitz-January-23-2024"]
[Site "Chess.com"]
[Date "2024.01.23"]
[Round "7"]
[White "Grandelicious"]
[Black "Yeritsyaan"]
[Result "1-0"]
[WhiteElo "2900"]
[BlackElo "2650"]
[TimeControl "180+1"]
[EndTime "9:17:37 PST"]
[Termination "Grandelicious won on time"]

1. Nf3 Nf6 2. d4 g6 3. Nbd2 d5 4. b3 Bg7 5. Bb2 O-O 6. e3 a5 7. a3 c6 8. Be2 Bf5 9. c4 a4 10. b4 Nbd7 11. O-O dxc4 12. Nxc4 Nb6 13. Nce5 Nfd7 14. Qc1 Nxe5 15. Nxe5 Nd7 16. Nf3 Qc7 17. Rd1 e5 18. d5 Rad8 19. dxc6 bxc6 20. Bb5 Nb6 21.
Qxc6 Qxc6 22. Bxc6 Bc2 23. Rdc1 Bb3 24. Bxe5 Bxe5 25. Nxe5 Rd2 26. Nf3 Rb2 27. Nd4 Rd8 28. h3 Kg7 29. Rcb1 Rxb1+ 30. Rxb1 Nc4 31. Ra1 Ne5 32.
b5 Rb8 33. Kf1 Bc4+ 34. Ke1 Kf6 35. Kd2 Ke7 36. Kc3 Be6 37. f4 1-0

[Event "Early-Titled-Tuesday-Blitz-January-23-2024"]
[Site "Chess.com"]
[Date "2024.01.23"]
[Round "7"]
[White "IsaqueGoncalvesSanto"]
[Black "Ati1517"]
[Result "0-1"]
[WhiteElo "1813"]
[BlackElo "2222"]
[TimeControl "180+1"]
[EndTime "9:17:37 PST"]
[Termination "Ati1517 won on time"]

1. d4 Nf6 2. c4 g6 3. Nc3 Bg7 4. e4 d6 5. f3 O-O 6. Be3 Nbd7 7. Qd2 e5 8. d5 b6 9. g4 a5 10. h4 h5 11. g5 Ne8 12. Bh3 Nc5 13. Nge2 Bxh3 14.
Rxh3 Qd7 15. Rg3 Na4 16. Nb5 c6 17. dxc6 Qxc6 18. b3 Nc5 19. Rd1 a4 20. b4 Na6 21.
Na3 Qb7 22. Rb1 Rc8 23. Nc3 Nec7 24. Nxa4 Ne6 25. Nxb6 Nd4 26. Nxc8 Rxc8 27. Bxd4 exd4 28. b5 Nc5 29. Nc2 d3 30. Ne3 Ra8 31. Nd5 Ra3 32.
Nf6+ Bxf6 33. gxf6 Qa7 34. Qh6 d2+ 35. Kf1 Ne6 36.
f4 Rxg3 37. Ke2 Qe3+ 38. Kd1 Rg1+ 39. Kc2 Nd4+ 40. Kb2 Rxb1+ 0-1

[Event "Early-Titled-Tuesday-Blitz-January-23-2024"]
[Site "Chess.com"]
[Date "2024.01.23"]
[Round "7"]
[White "Sebastian"]
[Black "WhiteKnight2612"]
[Result "1-0"]
[WhiteElo "3005"]
[BlackElo "2867"]
[TimeControl "180+1"]
[EndTime "9:17:38 PST"]
[Termination "Sebastian won by checkmate"]

1. e4 e5 2. Nf3 Nc6 3. Bb5 a6 4. Ba4 Nf6 5. O-O Be7 6. Re1 b5 7. Bb3 O-O 8. a4 Bb7 9. d3 h6 10. Nc3 b4 11. Nd5 Bc5 12. c3 bxc3 13. bxc3 d6 14.
a5 Rb8 15. d4 Ba7 16. Be3 Nxe4 17. Qd3 Nf6 18. Nxf6+ Qxf6 19. dxe5 Nxe5 20. Nxe5 Bxe3 21. Ng4 Bxf2+ 22. Nxf2 Bxg2 23. Bc2 g6 24. Kxg2 Rb5 25. Ne4 Qg7 26. Qd4 f6 27. Rf1 Re5 28. Rf2 f5 29.
Ng3 h5 30. h4 Qf6 31. Qf4 Rfe8 32. Rg1 Re3 33. Kh2 Kh8 34. Qh6+ Kg8 35. Nxf5 Qe5+ 36. Rg3 Rxg3 37. Nxg3 Re6 38. Rf8# 1-0

[Event "Early-Titled-Tuesday-Blitz-January-23-2024"]
[Site "Chess.com"]
[Date "2024.01.23"]
[Round "7"]
[White "VladimirKramnik"]
[Black "AlexTruskavetsky"]
[Result "1-0"]
[WhiteElo "2938"]
[BlackElo "2708"]
[TimeControl "180+1"]
[EndTime "9:17:38 PST"]
[Termination "VladimirKramnik won by resignation"]

1. e4 c5 2. Nf3 Nc6 3. Bb5 g6 4. Nc3 Bg7 5. d3 e5 6. Bg5 f6 7. Be3 d6 8. Qd2 Be6 9. Bc4 Qd7 10. Bxe6 Qxe6 11. Nd5 Rc8 12. c4 Nge7 13. b4 b6 14.
b5 Nd8 15. a4 Nb7 16. O-O O-O 17. h3 f5 18. Bg5 Nxd5 19. exd5 Qd7 20. Bh6 Na5 21.
Bxg7 Qxg7 22. Rae1 h6 23. Qc3 Rce8 24. Nd2 g5 25. g4 fxg4 26. hxg4 Rf4 27. f3 h5 28. Re2 hxg4 29. fxg4 Rxg4+ 30. Rg2 Rf4 31. Ne4 Rxf1+ 32.
Kxf1 Rf8+ 33. Kg1 g4 34. Nxd6 Qf6 35. Rxg4+ Kh7 36. Qe1 Rg8 37. Qe4+ Kh8 38. Rxg8+ Kxg8 39. Qg4+ Kh7 40. Ne4 Qg6 41. Qxg6+ Kxg6 42. Kf2 Kf5 43. Nd6+ Kf6 44. Ke3 Nb3 45. Nc8 Nd4 46. Nxa7 Nc2+ 47. Ke4 1-0

[Event "Early-Titled-Tuesday-Blitz-January-23-2024"]
[Site "Chess.com"]
[Date "2024.01.23"]
[Round "7"]
[White "olawsson"]
[Black "AndresDelgado77"]
[Result "0-1"]
[WhiteElo "2163"]
[BlackElo "2398"]
[TimeControl "180+1"]
[EndTime "9:17:38 PST"]
[Termination "AndresDelgado77 won on time"]

1. d4 Nf6 2. c4 d6 3. Nf3 g6 4.
Nc3 Bg7 5. e4 O-O 6. Be2 c5 7. d5 a6 8. a4 e6 9. O-O exd5 10.
exd5 Re8 11. h3 Bf5 12. Bg5 h6 13. Bf4 Ne4 14. Nxe4 Bxe4 15. Qd2 Kh7 16. Rfe1 Qf6 17. Bd3 Bxd3 18. Rxe8 Bxc4 19. Rb1 Qf5 20. Rd1 Bb3 21. Ra1 Bxd5 22. Bxd6 Nc6 23. Rxa8 Bxf3 24. g4 Qe6 25. Re1 Qc4 26. Qf4 Nd4 27. Be5 Bc6 28. Bxd4 cxd4 29. Qd2 Qd5 0-1